WCHLSIM.com - West Coast Hockey League
html PUBLIC "-//W3C//DTD XHTML 1.0 Transitional//EN" "http://www.w3.org/TR/xhtml1/DTD/xhtml1-transitional.dtd"> WCHL - Game 813 - OAKLAND GORILLAS vs CALGARY FIREMEN

OAKLAND GORILLAS vs CALGARY FIREMEN

Created - 20 mars 2021 at 20:25

Goals
1 2 3 T
OAKLAND GORILLAS 0 1 1 2
CALGARY FIREMEN 1 0 2 3
Shots
1 2 3 T
OAKLAND GORILLAS 4 14 9 27
CALGARY FIREMEN 17 3 7 27

1st period

1. CALGARY FIREMEN , Oskar Lindblom 14 (Brendan Gallagher 35, Jake McCabe 10) at 10:36 (PP)

Penalties :
Jakob Chychrun (OAK) for Hooking (Minor) at 9:08, Lucas Wallmark (OAK) for Interference (Minor) at 11:40, Darren Raddysh (CGY) for Slashing (Minor) at 18:57

2nd period

2. OAKLAND GORILLAS , Tomas Tatar 22 (Tyler Toffoli 18) at 9:46

Penalties :
Joel Farabee (OAK) for Hooking (Minor) at 10:49

3rd period

3. OAKLAND GORILLAS , Jonathan Drouin 6 (Alexander Wennberg 19, Colin White 14) at 4:18
4. CALGARY FIREMEN , Ryan Johansen 19 (Oskar Lindblom 24) at 5:16
5. CALGARY FIREMEN , Adam Henrique 29 (Filip Forsberg 48, Jake McCabe 11) at 8:22

Penalties :
No Penalty

Goalie Stats

Matthew Murray (OAK), 24 saves from 27 shots - (0,889), L, 15-13-3, 59:03 minutes
Antti Raanta (CGY), 25 saves from 27 shots - (0,926), W, 13-8-8, 60:00 minutes

Players Stats for OAKLAND GORILLAS

Player Name              G  A  P  +/- PIM S  H  SB GA TA FO     MP     PP MP  PK MP  
------------------------------------------------------------------------------------
Alexander Wennberg       0  1  1   0  0   1  1  0  0  0  5/11   16:38   0:44   0:00 
Colin White              0  1  1   0  0   6  3  0  0  0  0/1    18:50   0:44   2:12 
Devin Shore              0  0  0   0  0   1  1  0  0  0  4/5     5:53   0:00   0:42 
Jakob Chychrun           0  0  0   0  2   0  3  2  0  0  0/0    19:15   0:44   0:00 
Joel Farabee             0  0  0  -1  2   1  2  1  0  0  0/0    15:29   0:00   1:00 
Jonathan Drouin          1  0  1   0  0   4  0  0  0  0  0/2    16:38   0:44   0:00 
Josh Anderson            0  0  0  -1  0   1  3  0  0  0  0/1    14:30   0:00   0:00 
Kevin Shattenkirk        0  0  0  -1  0   1  0  0  0  0  0/0    21:26   1:15   2:33 
Kurtis MacDermid         0  0  0   1  0   0  0  0  0  0  0/0    16:25   0:00   0:00 
Liam Foudy               0  0  0   0  0   0  0  0  0  0  0/0     5:11   0:00   0:00 
Lucas Wallmark           0  0  0  -1  2   0  0  0  0  0  5/19   16:05   0:00   1:36 
Michael Dal Colle        0  0  0   0  0   0  0  0  0  0  1/2     5:11   0:00   0:00 
Mikhail Sergachev        0  0  0  -1  0   2  0  1  0  0  0/0    21:26   1:15   2:33 
Nick Leddy               0  0  0   0  0   0  2  1  0  0  0/0    22:09   0:44   2:53 
Nico Hischier            0  0  0   1  0   3  0  0  0  0  13/25  21:17   1:15   3:02 
Nikita Zadorov           0  0  0   1  0   0  1  2  0  0  0/0    18:36   0:00   2:11 
Tomas Tatar              1  0  1   1  0   4  4  0  0  0  0/3    21:17   1:15   3:02 
Tyler Toffoli            0  1  1   1  0   3  2  0  0  0  0/0    18:15   1:15   0:00 

Players Stats for CALGARY FIREMEN

Player Name              G  A  P  +/- PIM S  H  SB GA TA FO     MP     PP MP  PK MP  
------------------------------------------------------------------------------------
Adam Henrique            1  0  1   0  0   7  0  0  0  0  16/21  19:54   3:00   0:00 
Anthony Peluso           0  0  0   0  0   0  0  0  0  0  0/0     7:22   0:00   0:00 
Brendan Gallagher        0  1  1   0  0   1  1  1  0  0  0/1    19:08   2:26   0:43 
Brent Seabrook           0  0  0   0  0   1  0  5  0  0  0/0    16:28   0:00   1:18 
Brett Howden             0  0  0   0  0   1  0  0  0  0  3/8     8:05   0:00   0:43 
Chase De Leo             0  0  0   0  0   0  0  0  0  0  0/0     7:22   0:00   0:00 
Darren Raddysh           0  0  0   0  2   0  0  0  0  0  0/0    15:03   0:00   0:00 
Filip Forsberg           0  1  1   0  0   4  1  0  0  0  1/1    21:10   3:00   1:16 
Frans Nielsen            0  0  0   0  0   2  0  0  0  0  7/15   13:42   0:00   1:16 
Jake McCabe              0  2  2   1  0   1  3  1  0  0  0/0    22:19   2:29   0:00 
Jonathon Merrill         0  0  0   0  0   1  2  0  0  0  0/0    22:36   2:29   1:18 
Markus Nutivaara         0  0  0   0  0   0  0  0  0  0  0/0    22:14   2:57   0:41 
Oskar Lindblom           1  1  2   0  0   1  2  0  0  0  0/0    18:25   2:26   0:00 
Ryan Johansen            1  0  1   0  0   4  0  0  0  0  14/22  18:19   2:26   0:00 
Sami Vatanen             0  0  0  -1  0   1  1  1  0  0  0/0    21:19   2:57   0:41 
Sonny Milano             0  0  0   0  0   1  0  0  0  0  0/0    12:20   0:00   0:00 
Viktor Arvidsson         0  0  0   0  0   1  0  0  0  0  0/1    19:54   3:00   0:00 
Yakov Trenin             0  0  0   0  0   1  0  1  0  0  0/0    12:20   0:00   0:00 

3 Stars

1 - Oskar Lindblom (CGY)
2 - Jake McCabe (CGY)
3 - Tomas Tatar (OAK)

Power Play

OAKLAND GORILLAS - 0 on 1 Attempt(s) - 0,00%
CALGARY FIREMEN - 1 on 3 Attempt(s) - 33,33%

Penalty Kill

OAKLAND GORILLAS - 2 on 3 Attempt(s) - 66,67% - Score 0 goal in Penalty Kill
CALGARY FIREMEN - 1 on 1 Attempt(s) - 100,00% - Score 0 goal in Penalty Kill

Team Stat

OAKLAND GORILLAS - Hits : 22 - Faceoff Wins : 28 - Blocked Shots : 7 - Penalty Minutes : 6
CALGARY FIREMEN - Hits : 10 - Faceoff Wins : 41 - Blocked Shots : 9 - Penalty Minutes : 2

Official

Referees : Dan O'Rourke and Gord Dwyer
Linesman : Vaughan Rody and Derek Wahl

Game Notes

No Game Note

Finance

Level 1 -- Attendance: 6000 (100,00%) -- Ticket Income 870 000 $
Level 2 -- Attendance: 5000 (100,00%) -- Ticket Income 550 000 $
Level 3 -- Attendance: 2959 (98,63%) -- Ticket Income 177 540 $
Level 4 -- Attendance: 5000 (100,00%) -- Ticket Income 295 000 $
Luxury Box -- Attendance: 1000 (100,00%) -- Ticket Income 290 000 $
Game was played at the Larouche Stadium.
Total Attendance: 19959 (99,80%)
Total Ticket Income: 2 182 540 $
Other Expense: 21 825 $
Total Income: 2 160 715 $

OAKLAND GORILLAS

5 vs 5 Forward 
   Center                   Left Wing                Right Wing               Time % Phy DF OF 
 1 Nico Hischier            Tomas Tatar              Tyler Toffoli            32     1   2  2  
 2 Alexander Wennberg       Jonathan Drouin          Colin White              31     1   2  2  
 3 Lucas Wallmark           Joel Farabee             Josh Anderson            27     1   2  2  
 4 Devin Shore              Michael Dal Colle        Liam Foudy               10     0   3  2  

5 vs 5 Defense 
   Defense                  Defense                                           Time % Phy DF OF 
 1 Jakob Chychrun           Nick Leddy                                        34     1   2  2  
 2 Kevin Shattenkirk        Mikhail Sergachev                                 33     1   2  2  
 3 Kurtis MacDermid         Nikita Zadorov                                    33     1   2  2  
 4 Nick Leddy               Mikhail Sergachev                                 0      1   2  2  

PowerPlay Forward 
   Center                   Left Wing                Right Wing               Time % Phy DF OF 
 1 Nico Hischier            Tomas Tatar              Tyler Toffoli            55     1   2  2  
 2 Alexander Wennberg       Jonathan Drouin          Colin White              45     1   2  2  

PowerPlay Defense
   Defense                  Defense                                           Time % Phy DF OF 
 1 Kevin Shattenkirk        Mikhail Sergachev                                 55     1   2  2  
 2 Nick Leddy               Jakob Chychrun                                    45     1   2  2  

Penalty Kill 4 Players Forward 
   Center                   Wing                     Time % Phy DF OF 
 1 Nico Hischier            Tomas Tatar              55     1   2  2  
 2 Lucas Wallmark           Colin White              45     1   2  2  

Penalty Kill 4 Players Defense
   Defense                  Defense                  Time % Phy DF OF 
 1 Nikita Zadorov           Nick Leddy               55     1   2  2  
 2 Kevin Shattenkirk        Mikhail Sergachev        45     1   2  2  

Penalty Kill - 3 Players Forward 
   Forward                                           Time % Phy DF OF 
 1 Tomas Tatar                                       55     1   2  2  
 2 Nico Hischier                                     45     1   2  2  

Penalty Kill - 3 Players Defense
   Defense                  Defense                  Time % Phy DF OF 
 1 Kevin Shattenkirk        Nick Leddy               55     1   2  2  
 2 Nikita Zadorov           Mikhail Sergachev        45     1   2  2  

4 vs 4 Forward 
   Center                   Wing                     Time % Phy DF OF 
 1 Nico Hischier            Tomas Tatar              55     1   2  2  
 2 Alexander Wennberg       Tyler Toffoli            45     1   2  2  

4 vs 4 Defense
   Defense                  Defense                  Time % Phy DF OF 
 1 Kevin Shattenkirk        Nick Leddy               55     1   2  2  
 2 Jakob Chychrun           Mikhail Sergachev        45     1   2  2  

Last Minutes Offensive
   Center                   Left Wing                Right Wing               Defense                  Defense                  
   Nico Hischier            Tomas Tatar              Tyler Toffoli            Kevin Shattenkirk        Nick Leddy               

Last Minutes Defensive
   Center                   Left Wing                Right Wing               Defense                  Defense                  
   Nico Hischier            Tomas Tatar              Tyler Toffoli            Kevin Shattenkirk        Nick Leddy               

Goaltenders
Starting : Matthew Murray           
Backup : Charlie Lindgren         

Extra Forwards
Normal : Lucas Wallmark, Devin Shore, Joel Farabee - PP : Lucas Wallmark, Joel Farabee - PK : Joel Farabee
Extra Defensemen
Normal : Nikita Zadorov, Kevin Shattenkirk, Kurtis MacDermid - PP : Nikita Zadorov - PK : Kevin Shattenkirk, Kurtis MacDermid
Penalty Shots
Tomas Tatar, Nico Hischier, Tyler Toffoli, Alexander Wennberg, Colin White
Custom OT Lines Forwards
Tomas Tatar, Nico Hischier, Tyler Toffoli, Alexander Wennberg, Colin White, Lucas Wallmark, Josh Anderson, Jonathan Drouin, Joel Farabee, Devin Shore
Custom OT Lines Defensemen
Kevin Shattenkirk, Nick Leddy, Kurtis MacDermid, Mikhail Sergachev, Nikita Zadorov

Scratches
None

CALGARY FIREMEN

5 vs 5 Forward 
   Center                   Left Wing                Right Wing               Time % Phy DF OF 
 1 Adam Henrique            Viktor Arvidsson         Filip Forsberg           32     0   1  4  
 2 Ryan Johansen            Oskar Lindblom           Brendan Gallagher        30     0   1  4  
 3 Frans Nielsen            Yakov Trenin             Sonny Milano             25     0   3  2  
 4 Brett Howden             Chase De Leo             Anthony Peluso           13     0   4  1  

5 vs 5 Defense 
   Defense                  Defense                                           Time % Phy DF OF 
 1 Jonathon Merrill         Sami Vatanen                                      32     0   2  3  
 2 Markus Nutivaara         Jake McCabe                                       30     0   3  2  
 3 Darren Raddysh           Brent Seabrook                                    25     0   4  1  
 4 Jake McCabe              Jonathon Merrill                                  13     0   4  1  

PowerPlay Forward 
   Center                   Left Wing                Right Wing               Time % Phy DF OF 
 1 Adam Henrique            Viktor Arvidsson         Filip Forsberg           50     1   0  4  
 2 Ryan Johansen            Oskar Lindblom           Brendan Gallagher        50     1   0  4  

PowerPlay Defense
   Defense                  Defense                                           Time % Phy DF OF 
 1 Markus Nutivaara         Sami Vatanen                                      50     0   1  4  
 2 Jonathon Merrill         Jake McCabe                                       50     0   1  4  

Penalty Kill 4 Players Forward 
   Center                   Wing                     Time % Phy DF OF 
 1 Frans Nielsen            Filip Forsberg           50     0   5  0  
 2 Brett Howden             Brendan Gallagher        50     0   5  0  

Penalty Kill 4 Players Defense
   Defense                  Defense                  Time % Phy DF OF 
 1 Sami Vatanen             Markus Nutivaara         50     0   5  0  
 2 Brent Seabrook           Jonathon Merrill         50     0   5  0  

Penalty Kill - 3 Players Forward 
   Forward                                           Time % Phy DF OF 
 1 Filip Forsberg                                    50     0   5  0  
 2 Brendan Gallagher                                 50     0   5  0  

Penalty Kill - 3 Players Defense
   Defense                  Defense                  Time % Phy DF OF 
 1 Markus Nutivaara         Sami Vatanen             50     0   5  0  
 2 Brent Seabrook           Jonathon Merrill         50     0   5  0  

4 vs 4 Forward 
   Center                   Wing                     Time % Phy DF OF 
 1 Ryan Johansen            Filip Forsberg           50     0   1  4  
 2 Viktor Arvidsson         Brendan Gallagher        50     0   1  4  

4 vs 4 Defense
   Defense                  Defense                  Time % Phy DF OF 
 1 Sami Vatanen             Markus Nutivaara         50     0   2  3  
 2 Brent Seabrook           Jonathon Merrill         50     0   2  3  

Last Minutes Offensive
   Center                   Left Wing                Right Wing               Defense                  Defense                  
   Adam Henrique            Filip Forsberg           Brendan Gallagher        Jonathon Merrill         Sami Vatanen             

Last Minutes Defensive
   Center                   Left Wing                Right Wing               Defense                  Defense                  
   Adam Henrique            Filip Forsberg           Brendan Gallagher        Sami Vatanen             Jonathon Merrill         

Goaltenders
Starting : Antti Raanta             
Backup : Vitek Vanecek            

Extra Forwards
Normal : Viktor Arvidsson, Filip Forsberg, Brendan Gallagher - PP : Viktor Arvidsson, Filip Forsberg - PK : Brendan Gallagher
Extra Defensemen
Normal : Jonathon Merrill, Markus Nutivaara, Brent Seabrook - PP : Markus Nutivaara - PK : Sami Vatanen, Brent Seabrook
Penalty Shots
Viktor Arvidsson, Filip Forsberg, Oskar Lindblom, Brendan Gallagher, Ryan Johansen
Custom OT Lines Forwards
Viktor Arvidsson, Filip Forsberg, Adam Henrique, Brendan Gallagher, Ryan Johansen, Oskar Lindblom, Yakov Trenin, Frans Nielsen, Sonny Milano, Brett Howden
Custom OT Lines Defensemen
Jonathon Merrill, Sami Vatanen, Markus Nutivaara, Jake McCabe, Brent Seabrook

Scratches
Joakim Nygard (Healthy)

% Time on Ice - OAKLAND GORILLAS

Lines # - Real PCT - Wanted PCT - Time Play
Normal Forward
1 - 32% - 32% - 16:34
2 - 30% - 31% - 15:54
3 - 28% - 27% - 14:30
4 - 10% - 10% - 5:11
Normal Defense
1 - 35% - 34% - 18:06
2 - 34% - 33% - 17:38
3 - 31% - 33% - 16:25
4 - 0% - 0% - 0:00
PP Forward
1 - 63% - 55% - 1:15
2 - 37% - 45% - 0:44
PP Defense
1 - 63% - 55% - 1:15
2 - 37% - 45% - 0:44
PK Forward
1 - 56% - 55% - 3:02
2 - 44% - 45% - 2:24
PK Defense
1 - 53% - 55% - 2:53
2 - 47% - 45% - 2:33
PK3 Forward
1 - 0% - 55%
2 - 0% - 45%
PK3 Defense
1 - 0% - 55%
2 - 0% - 45%
44 Forward
1 - 0% - 55%
2 - 0% - 45%
44 Defense
1 - 0% - 55%
2 - 0% - 45%
Last Minute Offensive  - 0:26
Last Minute Defensive  - 0:00
Total
Forward - 60:00
Defense - 60:00

% Time on Ice - CALGARY FIREMEN

Lines # - Real PCT - Wanted PCT - Time Play
Normal Forward
1 - 32% - 32% - 16:54
2 - 30% - 30% - 15:53
3 - 23% - 25% - 12:20
4 - 14% - 13% - 7:22
Normal Defense
1 - 32% - 32% - 16:45
2 - 35% - 30% - 18:19
3 - 29% - 25% - 15:04
4 - 4% - 13% - 2:21
PP Forward
1 - 55% - 50% - 3:00
2 - 45% - 50% - 2:26
PP Defense
1 - 54% - 50% - 2:57
2 - 46% - 50% - 2:29
PK Forward
1 - 64% - 50% - 1:16
2 - 36% - 50% - 0:43
PK Defense
1 - 34% - 50% - 0:41
2 - 66% - 50% - 1:18
PK3 Forward
1 - 0% - 50%
2 - 0% - 50%
PK3 Defense
1 - 0% - 50%
2 - 0% - 50%
44 Forward
1 - 0% - 50%
2 - 0% - 50%
44 Defense
1 - 0% - 50%
2 - 0% - 50%
Last Minute Offensive  - 0:00
Last Minute Defensive  - 0:06
Total
Forward - 60:00
Defense - 60:00

Play-by-Play

1st period


0:01 of 1st period - Adam Henrique wins face-off versus Tomas Tatar in neutral zone.
0:01 of 1st period - Adam Henrique is hit by Tomas Tatar.
0:24 of 1st period - Icing by Tomas Tatar.
0:25 of 1st period - Ryan Johansen wins face-off versus Nico Hischier in OAKLAND GORILLAS zone.
1:21 of 1st period - Icing by Jake McCabe.
1:22 of 1st period - Ryan Johansen wins face-off versus Alexander Wennberg in CALGARY FIREMEN zone.
1:39 of 1st period - Shot by Frans Nielsen.
1:39 of 1st period - Stopped by Matthew Murray without a rebound.
1:40 of 1st period - Brett Howden wins face-off versus Lucas Wallmark in OAKLAND GORILLAS zone.
1:41 of 1st period - Shot by Chase De Leo.
1:41 of 1st period - Shot Misses the Net.
2:07 of 1st period - Shot by Lucas Wallmark.
2:07 of 1st period - Shot Misses the Net.
2:33 of 1st period - Shot by Jonathan Drouin.
2:33 of 1st period - Stopped by Antti Raanta with a rebound.
2:43 of 1st period - Icing by Brett Howden.
2:44 of 1st period - Michael Dal Colle wins face-off versus Brett Howden in CALGARY FIREMEN zone.
2:47 of 1st period - Shot by Devin Shore.
2:47 of 1st period - Stopped by Antti Raanta without a rebound.
2:48 of 1st period - Frans Nielsen wins face-off versus Jonathan Drouin in CALGARY FIREMEN zone.
2:48 of 1st period - Frans Nielsen is hit by Alexander Wennberg.
3:13 of 1st period - Icing by Jonathan Drouin.
3:14 of 1st period - Adam Henrique wins face-off versus Jonathan Drouin in OAKLAND GORILLAS zone.
3:35 of 1st period - Shot by Filip Forsberg.
3:35 of 1st period - Shot Blocked by Nikita Zadorov.
3:37 of 1st period - Shot by Filip Forsberg.
3:37 of 1st period - Shot Misses the Net.
3:39 of 1st period - Shot by Adam Henrique.
3:39 of 1st period - Stopped by Matthew Murray without a rebound.
3:40 of 1st period - Ryan Johansen wins face-off versus Devin Shore in OAKLAND GORILLAS zone.
4:06 of 1st period - Liam Foudy is hit by Jonathon Merrill.
5:17 of 1st period - Adam Henrique is hit by Jakob Chychrun and loses puck.
6:13 of 1st period - Icing by Tomas Tatar.
6:14 of 1st period - Nico Hischier wins face-off versus Ryan Johansen in OAKLAND GORILLAS zone.
6:14 of 1st period - Nico Hischier is hit by Brendan Gallagher.
6:50 of 1st period - Icing by Kurtis MacDermid.
6:51 of 1st period - Nico Hischier wins face-off versus Adam Henrique in OAKLAND GORILLAS zone.
8:59 of 1st period - Shot by Frans Nielsen.
8:59 of 1st period - Stopped by Matthew Murray with a rebound.
9:01 of 1st period - Shot by Sami Vatanen.
9:01 of 1st period - Shot Misses the Net.
9:03 of 1st period - Shot by Jonathon Merrill.
9:03 of 1st period - Stopped by Matthew Murray without a rebound.
9:04 of 1st period - Ryan Johansen wins face-off versus Lucas Wallmark in OAKLAND GORILLAS zone.
9:04 of 1st period - Brendan Gallagher is hit by Nick Leddy and loses puck.
9:08 of 1st period - Minor Penalty to Jakob Chychrun for Hooking.
9:09 of 1st period - Adam Henrique wins face-off versus Nico Hischier in OAKLAND GORILLAS zone.
10:28 of 1st period - Shot by Ryan Johansen.
10:28 of 1st period - Shot Blocked by Mikhail Sergachev.
10:30 of 1st period - Shot by Jake McCabe.
10:30 of 1st period - Stopped by Matthew Murray with a rebound.
10:34 of 1st period - Shot by Oskar Lindblom.
10:34 of 1st period - Deflect By Brendan Gallagher.
10:34 of 1st period - Shot Misses the Net.
10:36 of 1st period - Shot by Oskar Lindblom.
10:36 of 1st period - Goal by Oskar Lindblom - OAKLAND GORILLAS : 0 - CALGARY FIREMEN : 1.
10:37 of 1st period - Devin Shore wins face-off versus Frans Nielsen in neutral zone.
10:58 of 1st period - Sonny Milano is hit by Jakob Chychrun and loses puck.
11:05 of 1st period - Shot by Frans Nielsen.
11:05 of 1st period - Shot Blocked by Nick Leddy.
11:07 of 1st period - Shot by Brent Seabrook.
11:07 of 1st period - Stopped by Matthew Murray without a rebound.
11:08 of 1st period - Adam Henrique wins face-off versus Lucas Wallmark in OAKLAND GORILLAS zone.
11:11 of 1st period - Shot by Adam Henrique.
11:11 of 1st period - Stopped by Matthew Murray without a rebound.
11:12 of 1st period - Lucas Wallmark wins face-off versus Adam Henrique in OAKLAND GORILLAS zone.
11:40 of 1st period - Minor Penalty to Lucas Wallmark for Interference.
11:41 of 1st period - Nico Hischier wins face-off versus Ryan Johansen in OAKLAND GORILLAS zone.
11:49 of 1st period - Off-side.
11:50 of 1st period - Nico Hischier wins face-off versus Ryan Johansen in neutral zone.
12:54 of 1st period - Icing by Filip Forsberg.
12:55 of 1st period - Adam Henrique wins face-off versus Nico Hischier in CALGARY FIREMEN zone.
12:55 of 1st period - Adam Henrique is hit by Tomas Tatar.
13:42 of 1st period - Sonny Milano is hit by Jakob Chychrun and loses puck.
13:50 of 1st period - Shot by Sonny Milano.
13:50 of 1st period - Shot Misses the Net.
14:01 of 1st period - Yakov Trenin is hit by Nick Leddy and loses puck.
14:10 of 1st period - Shot by Sonny Milano.
14:10 of 1st period - Stopped by Matthew Murray with a rebound.
14:12 of 1st period - Shot by Yakov Trenin.
14:12 of 1st period - Stopped by Matthew Murray without a rebound.
14:13 of 1st period - Alexander Wennberg wins face-off versus Ryan Johansen in OAKLAND GORILLAS zone.
14:18 of 1st period - Shot by Colin White.
14:18 of 1st period - Shot Blocked by Sami Vatanen.
14:48 of 1st period - Sami Vatanen is hit by Colin White and loses puck.
15:02 of 1st period - Icing by Mikhail Sergachev.
15:03 of 1st period - Adam Henrique wins face-off versus Alexander Wennberg in OAKLAND GORILLAS zone.
15:10 of 1st period - Shot by Filip Forsberg.
15:10 of 1st period - Stopped by Matthew Murray without a rebound.
15:11 of 1st period - Adam Henrique wins face-off versus Lucas Wallmark in OAKLAND GORILLAS zone.
15:14 of 1st period - Shot by Filip Forsberg.
15:14 of 1st period - Shot Blocked by Jakob Chychrun.
15:32 of 1st period - Shot by Josh Anderson.
15:32 of 1st period - Stopped by Antti Raanta without a rebound.
15:33 of 1st period - Ryan Johansen wins face-off versus Nico Hischier in CALGARY FIREMEN zone.
15:44 of 1st period - Shot by Ryan Johansen.
15:44 of 1st period - Stopped by Matthew Murray without a rebound.
15:45 of 1st period - Lucas Wallmark wins face-off versus Adam Henrique in OAKLAND GORILLAS zone.
15:45 of 1st period - Lucas Wallmark is hit by Filip Forsberg.
16:15 of 1st period - Shot by Viktor Arvidsson.
16:15 of 1st period - Shot Blocked by Jakob Chychrun.
16:17 of 1st period - Shot by Filip Forsberg.
16:17 of 1st period - Shot Blocked by Joel Farabee.
16:21 of 1st period - Shot by Adam Henrique.
16:21 of 1st period - Stopped by Matthew Murray without a rebound.
16:22 of 1st period - Ryan Johansen wins face-off versus Nico Hischier in OAKLAND GORILLAS zone.
16:31 of 1st period - Shot by Brendan Gallagher.
16:31 of 1st period - Stopped by Matthew Murray without a rebound.
16:32 of 1st period - Frans Nielsen wins face-off versus Colin White in OAKLAND GORILLAS zone.
16:32 of 1st period - Frans Nielsen is hit by Nikita Zadorov.
16:54 of 1st period - Shot by Frans Nielsen.
16:54 of 1st period - Shot Misses the Net.
16:56 of 1st period - Shot by Sami Vatanen.
16:56 of 1st period - Stopped by Matthew Murray without a rebound.
16:57 of 1st period - Nico Hischier wins face-off versus Ryan Johansen in OAKLAND GORILLAS zone.
16:57 of 1st period - Nico Hischier is hit by Oskar Lindblom.
17:08 of 1st period - Shot by Tomas Tatar.
17:08 of 1st period - Shot Hit the Post.
17:10 of 1st period - Shot by Mikhail Sergachev.
17:10 of 1st period - Shot Misses the Net.
17:17 of 1st period - Shot by Tomas Tatar.
17:17 of 1st period - Shot Blocked by Brendan Gallagher.
17:19 of 1st period - Shot by Tomas Tatar.
17:19 of 1st period - Shot Misses the Net.
17:21 of 1st period - Shot by Kevin Shattenkirk.
17:21 of 1st period - Stopped by Antti Raanta without a rebound.
17:22 of 1st period - Adam Henrique wins face-off versus Lucas Wallmark in CALGARY FIREMEN zone.
17:57 of 1st period - Shot by Adam Henrique.
17:57 of 1st period - Deflect By Filip Forsberg.
17:57 of 1st period - Stopped by Matthew Murray without a rebound.
17:58 of 1st period - Nico Hischier wins face-off versus Ryan Johansen in OAKLAND GORILLAS zone.
18:57 of 1st period - Minor Penalty to Darren Raddysh for Slashing.
18:58 of 1st period - Alexander Wennberg wins face-off versus Frans Nielsen in CALGARY FIREMEN zone.
19:21 of 1st period - Shot by Jonathan Drouin.
19:21 of 1st period - Shot Blocked by Brent Seabrook.
19:41 of 1st period - Shot by Brett Howden.
19:41 of 1st period - Stopped by Matthew Murray without a rebound.
19:42 of 1st period - Frans Nielsen wins face-off versus Nico Hischier in OAKLAND GORILLAS zone.
19:53 of 1st period - Icing by Mikhail Sergachev.
19:54 of 1st period - Nico Hischier wins face-off versus Brett Howden in OAKLAND GORILLAS zone.
19:59 of 1st period - Shot by Tomas Tatar.
19:59 of 1st period - Shot Misses the Net.
Goals for this period are 0 for OAKLAND GORILLAS vs 1 for CALGARY FIREMEN.
Shots for this period are 4 for OAKLAND GORILLAS vs 17 for CALGARY FIREMEN.

2nd period


0:01 of 2nd period - Nico Hischier wins face-off versus Brett Howden in neutral zone.
0:04 of 2nd period - Shot by Nico Hischier.
0:04 of 2nd period - Shot Misses the Net.
0:06 of 2nd period - Shot by Tyler Toffoli.
0:06 of 2nd period - Stopped by Antti Raanta with a rebound.
0:23 of 2nd period - Icing by Tyler Toffoli.
0:24 of 2nd period - Frans Nielsen wins face-off versus Tomas Tatar in OAKLAND GORILLAS zone.
1:03 of 2nd period - Shot by Alexander Wennberg.
1:03 of 2nd period - Deflect By Colin White.
1:03 of 2nd period - Stopped by Antti Raanta without a rebound.
1:04 of 2nd period - Ryan Johansen wins face-off versus Alexander Wennberg in CALGARY FIREMEN zone.
1:38 of 2nd period - Shot by Alexander Wennberg.
1:38 of 2nd period - Stopped by Antti Raanta with a rebound.
1:58 of 2nd period - Colin White is hit by Sami Vatanen and loses puck.
2:13 of 2nd period - Shot by Viktor Arvidsson.
2:13 of 2nd period - Stopped by Matthew Murray without a rebound.
2:14 of 2nd period - Frans Nielsen wins face-off versus Lucas Wallmark in OAKLAND GORILLAS zone.
2:32 of 2nd period - Shot by Joel Farabee.
2:32 of 2nd period - Shot Misses the Net.
2:38 of 2nd period - Shot by Josh Anderson.
2:38 of 2nd period - Shot Blocked by Brent Seabrook.
2:50 of 2nd period - Shot by Josh Anderson.
2:50 of 2nd period - Shot Misses the Net.
2:52 of 2nd period - Shot by Nick Leddy.
2:52 of 2nd period - Shot Misses the Net.
3:51 of 2nd period - Shot by Viktor Arvidsson.
3:51 of 2nd period - Shot Misses the Net.
5:15 of 2nd period - Shot by Oskar Lindblom.
5:15 of 2nd period - Shot Misses the Net.
6:11 of 2nd period - Brent Seabrook is hit by Josh Anderson and loses puck.
6:41 of 2nd period - Icing by Kurtis MacDermid.
6:42 of 2nd period - Lucas Wallmark wins face-off versus Frans Nielsen in OAKLAND GORILLAS zone.
7:01 of 2nd period - Shot by Frans Nielsen.
7:01 of 2nd period - Shot Misses the Net.
7:41 of 2nd period - Shot by Colin White.
7:41 of 2nd period - Stopped by Antti Raanta with a rebound.
8:48 of 2nd period - Tyler Toffoli is hit by Jonathon Merrill and loses puck.
8:52 of 2nd period - Icing by Jake McCabe.
8:53 of 2nd period - Brett Howden wins face-off versus Michael Dal Colle in CALGARY FIREMEN zone.
8:53 of 2nd period - Brett Howden is hit by Devin Shore.
9:29 of 2nd period - Shot by Mikhail Sergachev.
9:29 of 2nd period - Stopped by Antti Raanta without a rebound.
9:30 of 2nd period - Adam Henrique wins face-off versus Nico Hischier in CALGARY FIREMEN zone.
9:46 of 2nd period - Shot by Tomas Tatar.
9:46 of 2nd period - Goal by Tomas Tatar - OAKLAND GORILLAS : 1 - CALGARY FIREMEN : 1.
9:47 of 2nd period - Nico Hischier wins face-off versus Frans Nielsen in neutral zone.
9:50 of 2nd period - Sonny Milano is hit by Tyler Toffoli and loses puck.
10:48 of 2nd period - Icing by Viktor Arvidsson.
10:49 of 2nd period - Adam Henrique wins face-off versus Lucas Wallmark in CALGARY FIREMEN zone.
10:49 of 2nd period - Minor Penalty to Joel Farabee for Hooking.
10:50 of 2nd period - Ryan Johansen wins face-off versus Nico Hischier in OAKLAND GORILLAS zone.
11:04 of 2nd period - Brendan Gallagher is hit by Colin White and loses puck.
12:09 of 2nd period - Shot by Adam Henrique.
12:09 of 2nd period - Stopped by Matthew Murray without a rebound.
12:10 of 2nd period - Filip Forsberg wins face-off versus Nico Hischier in OAKLAND GORILLAS zone.
13:09 of 2nd period - Shot by Devin Shore.
13:09 of 2nd period - Shot Blocked by Brent Seabrook.
13:39 of 2nd period - Shot by Colin White.
13:39 of 2nd period - Stopped by Antti Raanta without a rebound.
13:40 of 2nd period - Ryan Johansen wins face-off versus Lucas Wallmark in CALGARY FIREMEN zone.
13:40 of 2nd period - Ryan Johansen is hit by Josh Anderson.
13:56 of 2nd period - Shot by Ryan Johansen.
13:56 of 2nd period - Stopped by Matthew Murray without a rebound.
13:57 of 2nd period - Alexander Wennberg wins face-off versus Brett Howden in OAKLAND GORILLAS zone.
14:02 of 2nd period - Brett Howden is hit by Colin White and loses puck.
14:15 of 2nd period - Shot by Colin White.
14:15 of 2nd period - Stopped by Antti Raanta without a rebound.
14:16 of 2nd period - Nico Hischier wins face-off versus Adam Henrique in CALGARY FIREMEN zone.
14:21 of 2nd period - Shot by Tyler Toffoli.
14:21 of 2nd period - Stopped by Antti Raanta without a rebound.
14:22 of 2nd period - Adam Henrique wins face-off versus Nico Hischier in CALGARY FIREMEN zone.
14:22 of 2nd period - Adam Henrique is hit by Tomas Tatar.
14:55 of 2nd period - Shot by Tomas Tatar.
14:55 of 2nd period - Shot Misses the Net.
14:57 of 2nd period - Shot by Tyler Toffoli.
14:57 of 2nd period - Deflect By Nico Hischier.
14:57 of 2nd period - Stopped by Antti Raanta without a rebound.
14:58 of 2nd period - Ryan Johansen wins face-off versus Lucas Wallmark in CALGARY FIREMEN zone.
14:58 of 2nd period - Brendan Gallagher is hit by Joel Farabee.
15:17 of 2nd period - Sami Vatanen is hit by Joel Farabee and loses puck.
16:02 of 2nd period - Sonny Milano is hit by Tomas Tatar and loses puck.
16:19 of 2nd period - Shot by Tomas Tatar.
16:19 of 2nd period - Stopped by Antti Raanta without a rebound.
16:20 of 2nd period - Alexander Wennberg wins face-off versus Adam Henrique in CALGARY FIREMEN zone.
18:02 of 2nd period - Shot by Nico Hischier.
18:02 of 2nd period - Stopped by Antti Raanta without a rebound.
18:03 of 2nd period - Lucas Wallmark wins face-off versus Ryan Johansen in CALGARY FIREMEN zone.
18:09 of 2nd period - Icing by Jonathon Merrill.
18:10 of 2nd period - Ryan Johansen wins face-off versus Lucas Wallmark in CALGARY FIREMEN zone.
18:39 of 2nd period - Shot by Joel Farabee.
18:39 of 2nd period - Stopped by Antti Raanta without a rebound.
18:40 of 2nd period - Adam Henrique wins face-off versus Nico Hischier in CALGARY FIREMEN zone.
19:44 of 2nd period - Shot by Alexander Wennberg.
19:44 of 2nd period - Shot Blocked by Jake McCabe.
19:46 of 2nd period - Shot by Mikhail Sergachev.
19:46 of 2nd period - Stopped by Antti Raanta with a rebound.
19:58 of 2nd period - Shot by Jonathan Drouin.
19:58 of 2nd period - Shot Misses the Net.
Goals for this period are 1 for OAKLAND GORILLAS vs 0 for CALGARY FIREMEN.
Shots for this period are 14 for OAKLAND GORILLAS vs 3 for CALGARY FIREMEN.

3rd period


0:01 of 3rd period - Frans Nielsen wins face-off versus Alexander Wennberg in neutral zone.
0:06 of 3rd period - Shot by Frans Nielsen.
0:06 of 3rd period - Shot Misses the Net.
0:37 of 3rd period - Shot by Jonathan Drouin.
0:37 of 3rd period - Shot Misses the Net.
2:08 of 3rd period - Filip Forsberg is hit by Josh Anderson and loses puck.
2:21 of 3rd period - Shot by Joel Farabee.
2:21 of 3rd period - Shot Misses the Net.
3:06 of 3rd period - Shot by Alexander Wennberg.
3:06 of 3rd period - Shot Misses the Net.
3:08 of 3rd period - Shot by Jonathan Drouin.
3:08 of 3rd period - Stopped by Antti Raanta without a rebound.
3:09 of 3rd period - Devin Shore wins face-off versus Frans Nielsen in CALGARY FIREMEN zone.
3:27 of 3rd period - Icing by Sami Vatanen.
3:28 of 3rd period - Nico Hischier wins face-off versus Frans Nielsen in CALGARY FIREMEN zone.
3:44 of 3rd period - Shot by Tomas Tatar.
3:44 of 3rd period - Deflect By Nico Hischier.
3:44 of 3rd period - Stopped by Antti Raanta without a rebound.
3:45 of 3rd period - Adam Henrique wins face-off versus Lucas Wallmark in CALGARY FIREMEN zone.
3:52 of 3rd period - Shot by Adam Henrique.
3:52 of 3rd period - Stopped by Matthew Murray without a rebound.
3:53 of 3rd period - Alexander Wennberg wins face-off versus Ryan Johansen in OAKLAND GORILLAS zone.
4:18 of 3rd period - Shot by Alexander Wennberg.
4:18 of 3rd period - Deflect By Jonathan Drouin.
4:18 of 3rd period - Goal by Jonathan Drouin - OAKLAND GORILLAS : 2 - CALGARY FIREMEN : 1.
4:19 of 3rd period - Adam Henrique wins face-off versus Lucas Wallmark in neutral zone.
4:52 of 3rd period - Shot by Adam Henrique.
4:52 of 3rd period - Shot Misses the Net.
5:16 of 3rd period - Shot by Ryan Johansen.
5:16 of 3rd period - Goal by Ryan Johansen - OAKLAND GORILLAS : 2 - CALGARY FIREMEN : 2.
5:17 of 3rd period - Ryan Johansen wins face-off versus Nico Hischier in neutral zone.
5:43 of 3rd period - Tyler Toffoli is hit by Jake McCabe and loses puck.
6:16 of 3rd period - Shot by Sonny Milano.
6:16 of 3rd period - Shot Blocked by Nikita Zadorov.
6:36 of 3rd period - Shot by Jonathan Drouin.
6:36 of 3rd period - Stopped by Antti Raanta with a rebound.
6:38 of 3rd period - Shot by Mikhail Sergachev.
6:38 of 3rd period - Shot Blocked by Yakov Trenin.
6:53 of 3rd period - Shot by Alexander Wennberg.
6:53 of 3rd period - Shot Blocked by Brent Seabrook.
6:59 of 3rd period - Shot by Colin White.
6:59 of 3rd period - Stopped by Antti Raanta without a rebound.
7:00 of 3rd period - Devin Shore wins face-off versus Viktor Arvidsson in CALGARY FIREMEN zone.
7:13 of 3rd period - Shot by Filip Forsberg.
7:13 of 3rd period - Stopped by Matthew Murray without a rebound.
7:14 of 3rd period - Brett Howden wins face-off versus Lucas Wallmark in OAKLAND GORILLAS zone.
8:22 of 3rd period - Shot by Adam Henrique.
8:22 of 3rd period - Goal by Adam Henrique - OAKLAND GORILLAS : 2 - CALGARY FIREMEN : 3.
8:23 of 3rd period - Ryan Johansen wins face-off versus Tomas Tatar in neutral zone.
8:42 of 3rd period - Shot by Ryan Johansen.
8:42 of 3rd period - Shot Misses the Net.
8:44 of 3rd period - Shot by Brendan Gallagher.
8:44 of 3rd period - Shot Misses the Net.
8:46 of 3rd period - Shot by Ryan Johansen.
8:46 of 3rd period - Stopped by Matthew Murray with a rebound.
9:40 of 3rd period - Shot by Adam Henrique.
9:40 of 3rd period - Stopped by Matthew Murray without a rebound.
9:41 of 3rd period - Frans Nielsen wins face-off versus Josh Anderson in OAKLAND GORILLAS zone.
9:42 of 3rd period - Shot by Sami Vatanen.
9:42 of 3rd period - Shot Misses the Net.
11:04 of 3rd period - Icing by Alexander Wennberg.
11:05 of 3rd period - Ryan Johansen wins face-off versus Alexander Wennberg in OAKLAND GORILLAS zone.
12:20 of 3rd period - Shot by Tomas Tatar.
12:20 of 3rd period - Stopped by Antti Raanta with a rebound.
12:28 of 3rd period - Shot by Tomas Tatar.
12:28 of 3rd period - Stopped by Antti Raanta without a rebound.
12:29 of 3rd period - Lucas Wallmark wins face-off versus Brett Howden in CALGARY FIREMEN zone.
13:39 of 3rd period - Off-side.
13:40 of 3rd period - Adam Henrique wins face-off versus Alexander Wennberg in neutral zone.
13:43 of 3rd period - Shot by Adam Henrique.
13:43 of 3rd period - Deflect By Viktor Arvidsson.
13:43 of 3rd period - Shot Misses the Net.
14:09 of 3rd period - Shot by Jonathan Drouin.
14:09 of 3rd period - Deflect By Colin White.
14:09 of 3rd period - Stopped by Antti Raanta without a rebound.
14:10 of 3rd period - Nico Hischier wins face-off versus Frans Nielsen in CALGARY FIREMEN zone.
14:11 of 3rd period - Shot by Tomas Tatar.
14:11 of 3rd period - Shot Misses the Net.
14:39 of 3rd period - Frans Nielsen is hit by Tyler Toffoli and loses puck.
15:28 of 3rd period - Shot by Viktor Arvidsson.
15:28 of 3rd period - Deflect By Filip Forsberg.
15:28 of 3rd period - Shot Misses the Net.
16:34 of 3rd period - Lucas Wallmark is hit by Oskar Lindblom.
17:39 of 3rd period - Icing by Ryan Johansen.
17:40 of 3rd period - Devin Shore wins face-off versus Brendan Gallagher in CALGARY FIREMEN zone.
18:05 of 3rd period - Shot by Devin Shore.
18:05 of 3rd period - Shot Blocked by Brent Seabrook.
18:49 of 3rd period - Shot by Adam Henrique.
18:49 of 3rd period - Deflect By Filip Forsberg.
18:49 of 3rd period - Stopped by Matthew Murray without a rebound.
18:50 of 3rd period - Adam Henrique wins face-off versus Lucas Wallmark in OAKLAND GORILLAS zone.
18:55 of 3rd period - Shot by Viktor Arvidsson.
18:55 of 3rd period - Shot Misses the Net.
19:00 of 3rd period - Joel Farabee is hit by Jake McCabe and loses puck.
19:03 of 3rd period - OAKLAND GORILLAS, Matthew Murray is pulled from the net.
19:16 of 3rd period - Joel Farabee is hit by Jake McCabe and loses puck.
19:53 of 3rd period - Shot by Tyler Toffoli.
19:53 of 3rd period - Stopped by Antti Raanta without a rebound.
19:54 of 3rd period - Nico Hischier wins face-off versus Frans Nielsen in CALGARY FIREMEN zone.
Goals for this period are 1 for OAKLAND GORILLAS vs 2 for CALGARY FIREMEN.
Shots for this period are 9 for OAKLAND GORILLAS vs 7 for CALGARY FIREMEN.


NATHAN
MACKINNON
PHILLIP
DANAULT
CONNOR
MCDAVID

EAST COAST

HOCKEY LEAGUE

  • 25.QUE4CHI5
  • 26.CHA2LIM3
  • 27.TRV2LON3
  • 28.CHW4BAL2
  • 29.PITMAN
  • 30.ATLNHW
  • 31.WORPET
  • 32.RHI